 Dungeon Crawl Stone Soup version 0.29.1-13-g9f3cf754e1 (webtiles) character file.

Game seed: 2150640353452632146

574 bubby the Chopper (level 7, -10/60 HPs)
             Began as a Ghoul Monk on Jan 27, 2023.
             Was an Elder of Cheibriados.
             Mangled by Crazy Yiuf
             ... wielding a +4 quarterstaff of chaos
              (16 damage)
             ... on level 4 of the Dungeon.
             The game lasted 00:09:35 (4117 turns).

bubby the Chopper (Ghoul Monk)                      Turns: 4117, Time: 00:09:36

Health: -10/60     AC: 12    Str: 27    XL:     7   Next: 34%
Magic:  2/8        EV: 13    Int: 15    God:    Cheibriados [****..]
Gold:   279        SH:  5    Dex: 21    Spells: 6/6 levels left

rFire   + . .      SeeInvis .   a - +0 hand axe
rCold   + + .      Faith    .   (no shield)
rNeg    + + +      Spirit   .   z - +0 plate armour
rPois   ∞          Reflect  +   (no helmet)
rElec   +          Harm     .   (no cloak)
rCorr   +          Rampage  .   (no gloves)
Will    .....                   m - +0 pair of boots
Stlth   ..........              t - amulet of reflection
HPRegen 0.00/turn               (no ring)
MPRegen 0.11/turn               (no ring)

@: agile, resistant, inhibited regen, very slow
A: claws 1, cold resistance 1, negative energy resistance 3, inhibited
regeneration, torment resistance 2, devour on kill
a: Renounce Religion, Bend Time, Temporal Distortion, Slouch


You were on level 4 of the Dungeon.
You worshipped Cheibriados.
Cheibriados was greatly pleased with you.
You visited 1 branch of the dungeon, and saw 4 of its levels.

You collected 279 gold pieces.

Inventory:

Hand Weapons
 a - a +0 hand axe (weapon)
Missiles
 l - 5 javelins (quivered)
 p - 6 poisoned darts
Armour
 b - a +0 robe
 m - a +0 pair of boots (worn)
 n - a +0 ring mail
 z - a +0 plate armour (worn)
 A - a +2 robe of the Archmagi
Jewellery
 i - a ring of magical power
 t - an amulet of reflection (around neck)
Wands
 q - a wand of polymorph (11)
Scrolls
 e - 6 scrolls of identify {unknown}
 g - a scroll of magic mapping {unknown}
 j - 3 scrolls of teleportation {unknown}
 o - a scroll of immolation {unknown}
 s - a scroll of summoning {unknown}
 v - 2 scrolls of blinking {unknown}
 w - 2 scrolls of noise {unknown}
 y - a scroll of amnesia {unknown}
Potions
 c - a potion of mutation {unknown}
 d - 2 potions of resistance
 f - 2 potions of degeneration {unknown}
 h - 2 potions of attraction {unknown}
 k - 2 potions of heal wounds {unknown}
 r - a potion of magic {unknown}
 u - a potion of brilliance {unknown}
 x - 2 potions of lignification {unknown}
 B - a potion of cancellation {unknown}


   Skills:
 + Level 4.7 Fighting
 * Level 5.6 Axes
 + Level 2.5 Armour
 - Level 2.6 Dodging
 - Level 2.1 Stealth
 + Level 3.1 Invocations


You had 6 spell levels left.
You didn't know any spells.
Your spell library contained the following spells:

 Spells                   Type           Power      Damage    Failure   Level
 Shock                    Conj/Air       0%         1d3       98%         1
 Ensorcelled Hibernation  Hex/Ice        0%         N/A       99%         2
 Passwall                 Tmut/Erth      0%         N/A       99%         2
 Swiftness                Air            0%         N/A       100%        3
 Airstrike                Air            0%         2d(0-16)  100%        4
 Summon Forest            Summ/Tloc      0%         N/A       100%        5
 Summon Mana Viper        Hex/Summ       0%         N/A       100%        5
 Summon Cactus Giant      Summ           0%         N/A       100%        6


Dungeon Overview and Level Annotations

Branches:
Dungeon (4/15)             Temple (0/1) D:4

Altars:
Cheibriados

Annotations:
D:4 Crazy Yiuf


Innate Abilities, Weirdness & Mutations

You are immune to poison.
You have sharp fingernails.
Your flesh is cold resistant. (rC+)
You are immune to negative energy. (rN+++)
You do not regenerate when monsters are visible.
You are immune to unholy pain and torment.
You thrive by killing the living.


Message History

Found a stone staircase leading down.
B - a viscous golden potion You open the door.
There is an open door here.
You now have 279 gold pieces (gained 11).
There is an open door here.
Found a hammer.
Found a runed translucent door.
Crazy Yiuf shouts!
You open the door.
Crazy Yiuf drinks a potion.
Crazy Yiuf goes berserk!
The flow of time bends around you.
Crazy Yiuf resists with some effort.
Crazy Yiuf hits you with a +4 quarterstaff of chaos!
You feel agile all of a sudden.
Crazy Yiuf hits you with a +4 quarterstaff of chaos!
Crazy Yiuf burns you.
You slash Crazy Yiuf!
Crazy Yiuf is moderately wounded.
You block Crazy Yiuf's attack.
You barely miss Crazy Yiuf.
Crazy Yiuf is moderately wounded.
You block Crazy Yiuf's attack.
Crazy Yiuf hits you with a +4 quarterstaff of chaos!
You are electrocuted!
* * * LOW HITPOINT WARNING * * *
You don't know any spells.
The flow of time bends around you.
Cheibriados rebukes Crazy Yiuf.
Crazy Yiuf seems to slow down.
Crazy Yiuf hits you with a +4 quarterstaff of chaos.
* * * LOW HITPOINT WARNING * * *
You easily resist.
It was a potion of resistance.
You feel protected. You block Crazy Yiuf's attack.
You barely miss Crazy Yiuf.
Crazy Yiuf is moderately wounded.
You block Crazy Yiuf's attack.
You hit Crazy Yiuf but do no damage.
Crazy Yiuf is moderately wounded.
Crazy Yiuf hits you with a +4 quarterstaff of chaos!
You die...

#....####.....#.....
##..## #.....#.....
#..#.# #.....#.....
#...## #.....#.....
##.## #.....#.....
#.## #.....#.....
##.# #.....#.....
#.## #.....###+##
##@# #...........
#g# #........... ...
#........... #...#
#........... #..)#
#........... #####
######...... #......
#...... #......


You could see Crazy Yiuf (berserk, slow).

Vanquished Creatures
  Sigmund (D:3)
  A hound (D:4)
  A jelly (D:4)
  An orc priest (D:4)
  Natasha (thrice) (D:2)
  An iguana (D:4)
  2 orc wizards
  The ghost of hawla the Chiller, a weakling MeIE (D:3)
  6 adders
  A worm (D:3)
  2 dart slugs
  11 orcs
  3 bats
  10 endoplasms
  3 giant cockroaches
  7 goblins
  6 hobgoblins
  4 jackals (D:3)
  5 quokkas
  5 ball pythons
  5 frilled lizards
  8 kobolds
  10 rats
97 creatures vanquished.

Notes
Turn   | Place    | Note
-------+----------+-------------------------------------------
     0 | D:1      | bubby the Ghoul Monk began the quest for the Orb.
     0 | D:1      | Reached XP level 1. HP: 19/19 MP: 0/0
   136 | D:1      | Reached skill level 3 in Axes
   186 | D:1      | Reached XP level 2. HP: 23/26 MP: 1/1
  1017 | D:1      | Reached XP level 3. HP: 31/31 MP: 2/2
  1050 | D:1      | Found a faded altar of an unknown god.
  1155 | D:1      | Prayed at the altar of an unknown god.
  1155 | D:1      | Became a worshipper of Cheibriados the Contemplative
  1155 | D:1      | Reached * piety under Cheibriados
  1155 | D:1      | Reached ** piety under Cheibriados
  1439 | D:2      | Reached *** piety under Cheibriados
  1609 | D:2      | Noticed Natasha
  1620 | D:2      | Killed Natasha
  1621 | D:2      | Reached skill level 4 in Axes
  1621 | D:2      | Reached XP level 4. HP: 35/38 MP: 3/3
  1624 | D:2      | Noticed Natasha
  1632 | D:2      | Killed Natasha
  1633 | D:2      | Reached skill level 1 in Invocations
  1703 | D:2      | Noticed Natasha
  1711 | D:2      | Killed Natasha
  1712 | D:2      | Reached skill level 1 in Armour
  1945 | D:2      | Reached XP level 5. HP: 46/46 MP: 4/4
  2716 | D:3      | Found a runed translucent door.
  2716 | D:3      | Noticed Sigmund
  2720 | D:3      | Noticed hawla's ghost (weakling MeIE)
  2753 | D:3      | Killed Sigmund
  2754 | D:3      | Reached skill level 5 in Axes
  2754 | D:3      | Reached XP level 6. HP: 19/52 MP: 6/6
  2759 | D:3      | Reached **** piety under Cheibriados
  3328 | D:3      | Killed hawla's ghost
  3472 | D:4      | Reached XP level 7. HP: 59/60 MP: 6/8
  3627 | D:4      | Found a staircase to the Ecumenical Temple.
  4105 | D:4      | Found a runed translucent door.
  4106 | D:4      | Noticed Crazy Yiuf
  4117 | D:4      | Mangled by Crazy Yiuf

Illustrated notes

Levels and vault maps discovered:
D:1:      onia_arrival_pyramid, layout_loops_ring,
          shapermc_ecumenical_altar_hornbeckon, minivault_5, minmay_tetromino_l2
D:2:      layout_rooms, uniq_natasha
D:3:      layout_basic, ebering_ghost_sewer_d, uniq_sigmund
D:4:      layout_gridville, minmay_temple_entry_tees, uniq_crazy_yiuf_cottage

Skill      XL: |  1  2  3  4  5  6  7 |
---------------+----------------------+-----
Axes           | 3 4 5 |  5.6
Invocations    | 1 2 3 |  3.1
Armour         | 1 2 |  2.5
Fighting       | 4 |  4.7
Dodging        | |  2.6
Stealth        | |  2.1

Action                   |  1- 3 |  4- 6 |  7- 9 || total
-------------------------+-------+-------+-------++-------
Melee: Hand axe          |    90 |   178 |    66 ||   334
       Punch             |     1 |       |     2 ||     3
Invok: Bend Time         |       |     1 |     2 ||     3
  Use: Potion            |       |     1 |     1 ||     2
 Stab: Sleeping          |     7 |       |     1 ||     8
Armor: Robe              |     6 |       |       ||     6
       Ring mail         |    13 |    83 |    19 ||   115
       Plate armour      |       |       |     8 ||     8
Dodge: Dodged            |    59 |   108 |    29 ||   196
Block: Other             |       |     5 |    20 ||    25
